 Dungeon Crawl Stone Soup version 0.25-a0-734-g73332ae (webtiles) character file.

Game seed: 10887001994500800006, levelgen mode: deterministic

11 BlueFish the Magician (level 2, -1/19 HPs)
             Began as a Mummy Wizard on Apr 9, 2020.
             Slain by a leopard gecko (2 damage)
             ... on level 1 of the Dungeon.
             The game lasted 00:00:37 (155 turns).

BlueFish the Magician (Mummy Wizard)                 Turns: 155, Time: 00:00:37

Health: -1/19      AC:  2    Str: 10    XL:     2   Next: 17%
Magic:  0/7        EV: 12    Int: 17    God:
Gold:   0          SH:  0    Dex: 10    Spells: 3/10 levels left

rFire    x . .     SeeInvis .   c - -2 short sword (curse)
rCold    + . .     Gourm    .   (no shield)
rNeg     + + +     Faith    .   a - +0 robe
rPois    ∞         Spirit   .   b - +0 hat
rElec    .         Reflect  .   (no cloak)
rCorr    .         Harm     .   (no gloves)
MR       .....                  (no boots)
Stlth    ++........             (no amulet)
HPRegen  0.06/turn              (no ring)
MPRegen  0.10/turn              (no ring)

@: no status effects
A: no food or potions, fire vulnerability, cold resistance 1, negative energy
resistance 3, torment resistance, unbreathing
a: no special abilities


You were on level 1 of the Dungeon.
You were not hungry.

You visited 1 branch of the dungeon, and saw 1 of its levels.

Inventory:

Hand Weapons
 c - a cursed -2 short sword (weapon)
Armour
 a - a +0 robe (worn)
 b - a +0 hat (worn)


   Skills:
 * Level 0.2 Fighting
 * Level 1.6 Dodging
 * Level 1.7 Stealth
 * Level 4.5 Spellcasting
 + Level 0.7 Conjurations
 + Level 0.7 Summonings
 + Level 0.7 Translocations


You had 3 spell levels left.
You knew the following spells:

 Your Spells              Type           Power        Failure   Level  Hunger
a - Magic Dart            Conj           #...         11%         1    N/A
b - Blink                 Tloc           N/A          17%         2    N/A
c - Call Imp              Summ           #.......     17%         2    N/A
d - Slow                  Hex            #.......     22%         2    N/A

Your spell library contained the following spells:

 Spells                   Type           Power        Failure   Level  Hunger
 Conjure Flame            Conj/Fire      #.......     36%         3    N/A
 Mephitic Cloud           Conj/Pois/Air  #.......     38%         3    N/A

Dungeon Overview and Level Annotations

Branches:
Dungeon (1/15)

Altars:


Innate Abilities, Weirdness & Mutations

You do not eat or drink.
Your flesh is vulnerable to fire.
You are immune to poison.
Your flesh is cold resistant. (rC+)
You are immune to negative energy. (rN+++)
You are immune to unholy pain and torment.
You can survive without breathing.


Message History

A beastly little devil appears in a puff of flame.
Casting: Call Imp (safe; 17% risk of failure)
Confirm with . or Enter, or press ? or * to list all spells.
Aiming: Magic Dart (safe; 11% risk of failure)
Press: ? - help, Shift-Dir - straight line, f - leopard gecko
Aim: a leopard gecko The magic dart hits the leopard gecko.
The leopard gecko is moderately wounded.
The leopard gecko barely misses you.
Your crimson imp hits the leopard gecko.
The leopard gecko bites your crimson imp but does no damage.
You hit the leopard gecko.
The leopard gecko is almost dead.
The leopard gecko bites you.
* * * LOW HITPOINT WARNING * * *
Your crimson imp hits the leopard gecko but does no damage.
You miss the leopard gecko.
The leopard gecko is almost dead.
The leopard gecko bites you.
You die...

#......#
....#..≈..#
#......#
..≈....≈...
#.###..#
...≈..≈≈≈..
###......#
....≈≈≈≈≈≈≈
.........#
..≈≈≈≈...≈≈
####.....##
≈≈≈≈≈..<..≈
#####..#
..≈≈≈≈...≈≈
#..##
....≈≈≈≈≈≈≈
#.5@#
...≈..≈≈≈..
#.#l##
..≈....≈...
#.#..#
....#..≈..#
#.##.##
..####...##
#.##..# ##
##.## #.###†##
#.# #.# #..#
##.# #.
##.########..#
#..##......##


You could see a leopard gecko and a friendly crimson imp.

Vanquished Creatures
  A gnoll (D:1)
  A bat (D:1)
  A rat (D:1)
3 creatures vanquished.

Notes
Turn   | Place    | Note
-------+----------+-------------------------------------------
     0 | D:1      | BlueFish the Mummy Wizard began the quest for the Orb.
     0 | D:1      | Reached XP level 1. HP: 13/13 MP: 5/5
   123 | D:1      | Reached XP level 2. HP: 4/19 MP: 0/7
   127 | D:1      | Learned a level 2 spell: Blink
   130 | D:1      | Learned a level 2 spell: Call Imp
   133 | D:1      | Learned a level 2 spell: Slow
   155 | D:1      | Slain by a leopard gecko

Levels and vault maps discovered:
D:1:      eino_arrival_water_star, layout_basic, ashenzari_altar_1

Action                   || total
-------------------------++-------
Melee: Short sword       ||    10
 Cast: Magic Dart        ||    10
       Call Imp          ||     1
Armor: Robe              ||     1
Dodge: Dodged            ||     6

Table legend:
 A = Non-vault XP
 B = Vault XP
 C = Vault XP percentage of total XP
 D = Non-vault monster count
 E = Vault monster count
 F = Vault count percentage of total count
                 A         B        C        D         E       F
            +---------+---------+-------+---------+---------+-------
      Total |      17 |       0 |   0.0 |       3 |       0 |   0.0
            +---------+---------+-------+---------+---------+-------
        D:1 |      17 |       0 |   0.0 |       3 |       0 |   0.0
            +---------+---------+-------+---------+---------+-------
